AoeStats
← AARTUROVEGAG

Nomad

508106445Analyzed
4v4 RM · 12d ago on Sep 20, 2026· 23m 31s· 8 players
Game mode
Random Map
Map size
231×231
Population
200
Speed
Normal
Resources
Standard
Victory
Conquest
Starting age
Dark Age
Ending age
Imperial Age
RankedLock teamsTeams togetherTeam positionsShared explorationLock speedFull tech treeHidden civsTurbo modeCheats
Victory
Defeat
🇵🇪 Khmer · Peru
884
+15
🇫🇷 Italians · France
876
+15
🇳🇿 Vietnamese · New Zealand
829
+17
🇫🇷 Persians · France
811
+18
🇺🇸 Malians · United States
872
-17
🇺🇸 Shu · United States
863
-17
🇩🇪 Ethiopians · Germany
861
-16
🇺🇸 Malay · United States
827
-15
The HypnoToad
AARTUROVEGAG
7:38 Loom
14:13 Feudal Age
17:15 Wheelbarrow
21:08 Castle Age
19:35 Stone Mining
21:02 Double-Bit Axe
21:25 Horse Collar
21:40 Gold Mining
23:37 Hand Cart
XxMasterxX
3:15 Loom
16:12 Feudal Age
15:48 Fishing Lines
16:13 Double-Bit Axe
17:58 Forging
17:49 Padded Archer Armor
17:55 Scale Barding Armor
17:40 Fletching
19:16 Gold Mining
19:19 Stone Mining
22:17 Castle Age
21:15 Arson
21:27 Town Watch
22:45 Husbandry
23:17 Gillnets
Kassiber
DonaldTrumpet
Yo Pe
18:07 Feudal Age
17:54 Loom
21:22 Castle Age
19:28 Fishing Lines
19:40 Double-Bit Axe
21:29 Town Watch
22:26 Bow Saw
22:52 Town Patrol
23:28 Wheelbarrow
francis le tueur
18:41 Feudal Age
19:26 Double-Bit Axe
20:20 Wheelbarrow
19:48 Fishing Lines
21:08 Gold Mining
21:10 Stone Mining
E_A_bad_monkey
15:31 Feudal Age
14:15 Loom
15:51 Double-Bit Axe
15:51 Fishing Lines
Connection lost

Rejoining the realm…

Still unreachable

The connection could not be restored.

Session expired

The server has moved on; the page needs a fresh start.